 Dungeon Crawl Stone Soup version 0.15.2 (webtiles) character file.

19852 Heini the Bludgeoner (level 12, -1/117 HPs)
             Began as a Minotaur Fighter on Feb 7, 2015.
             Was a Priest of Okawaru.
             Slain by a stone giant skeleton (22 damage)
             ... led by a necromancer
             ... on Level 13 of the Dungeon.
             The game lasted 00:32:45 (12387 turns).

Heini the Bludgeoner (Minotaur Fighter)            Turns: 12387, Time: 00:32:45

HP  -1/117       AC 20     Str 26      XL: 12   Next: 40%
MP   0/5         EV  6     Int  6      God: Okawaru [***...]
Gold 854         SH 10     Dex 10      Spells:  0 memorised, 11 levels left

rFire  . . .     SeeInvis .     t - +3 flail (freeze)
rCold  . . .     Clarity  .     o - +3 chain mail {rPois}
rNeg   + . .     rCorr    .     c - +0 shield
rPois  +         rRot     .     X - +1 hat
rElec  .         Spirit   +     E - +1 cloak {+Inv} (curse)
SustAb .         Warding  .     k - +0 pair of gloves
rMut   .         Stasis   .     (no boots)
Gourm  .                        a - amulet of guardian spirit
MR     .....                    S - cursed ring of teleport control
                                Q - ring "Nethro Neif" {+Rage +Inv rN+ Int+1 Regen}

@: not resistant to hostile enchantments, extremely unstealthy
A: retaliatory headbutt, horns 2
a: Heroism, Renounce Religion, Evoke Berserk Rage, Evoke Invisibility, Evoke
Teleport Control


You were on level 13 of the Dungeon.
You worshipped Okawaru.
Okawaru was most pleased with you.
You were not hungry.

You visited 2 branches of the dungeon, and saw 14 of its levels.
You also visited: Ossuary.

You collected 854 gold pieces.

Inventory:

Hand weapons
 t - a +3 flail of freezing (weapon)
Armour
 b - a cursed +0 scale mail
 c - a +0 shield (worn)
 k - a +0 pair of gloves (worn)
 o - a +3 chain mail of poison resistance (worn)
 E - a cursed +1 cloak of darkness (worn)
 O - the cursed +1 cloak of Forking Paths {Str+5 Int+3, unknown}
   (You found it on level 5 of the Dungeon)

   It affects your strength (+5).
   It affects your intelligence (+3).
   It has a curse placed upon it.
 X - a +1 hat (worn)
Magical devices
 e - a wand of teleportation (2)
 g - a wand of fireball (3)
 m - a wand of random effects (7) {unknown}
 D - a wand of teleportation (6)
 J - a wand of polymorph (16) {unknown}
 K - a wand of frost (9) {unknown}
 U - a wand of fireball (6)
Comestibles
 d - 9 bread rations
 f - 4 meat rations
 n - a fruit
 q - 3 beef jerkies
 B - a slice of pizza
 V - 2 rotting chunks of orc flesh
 W - 2 rotting chunks of orc flesh
Scrolls
 h - 6 scrolls of teleportation
 j - a scroll of enchant armour
 r - 10 scrolls of remove curse
 G - 2 scrolls of magic mapping
 I - a scroll of enchant weapon
 M - 2 scrolls of amnesia
 N - 3 scrolls of identify
 T - a scroll of fear
Jewellery
 a - an amulet of guardian spirit (around neck)
 A - an uncursed amulet of resist mutation
 P - an uncursed ring of ice
 Q - the ring "Nethro Neif" (left hand) {+Rage +Inv rN+ Int+1 Regen}
   (You found it on level 12 of the Dungeon)

   [ring of regeneration]

   It affects your intelligence (+1).
   It protects you from negative energy.
   It lets you turn invisible.
   It lets you go berserk.
   It increases your rate of regeneration.
 S - a cursed ring of teleport control (right hand)
 Y - an uncursed ring of poison resistance
Potions
 i - 2 potions of resistance
 l - a potion of confusion {unknown}
 p - 2 potions of invisibility
 s - a potion of restore abilities
 u - 4 potions of haste
 v - 4 potions of berserk rage
 w - 7 potions of curing
 z - 3 potions of brilliance
 C - 4 potions of heal wounds
 F - 2 potions of agility
 H - a potion of degeneration
 L - 2 potions of cancellation {unknown}
 R - 2 potions of poison {unknown}
Books
 x - a book of Ice

   Spells                             Type                      Level
   Metabolic Englaciation             Hexes/Ice                    5
   Ozocubu's Refrigeration            Ice                          6
   Bolt of Cold                       Conjuration/Ice              6
   Freezing Cloud                     Conjuration/Ice/Air          6
   Simulacrum                         Ice/Necromancy               6
 y - a book of Power

   Spells                             Type                      Level
   Fulminant Prism                    Conjuration/Hexes            4
   Iskenderun's Mystic Blast          Conjuration                  4
   Venom Bolt                         Conjuration/Poison           5
   Bolt of Magma                      Conjuration/Fire/Earth       5
   Iron Shot                          Conjuration/Earth            6
   Orb of Destruction                 Conjuration                  7


   Skills:
 * Level 14.1 Fighting
 * Level 16.0 Maces & Flails
 * Level 11.7 Armour
 - Level 3.6 Shields
 + Level 0.2 Evocations


You had 11 spell levels left.
You didn't know any spells.

Dungeon Overview and Level Annotations

Branches:
Dungeon (13/15)            Temple (1/1) D:5             Orc (0/4) D:10
   Lair (0/8) D:9
 Vaults: D:13-14

Altars:
Ashenzari
Cheibriados
Dithmenos
Elyvilon
Fedhas
Kikubaaqudgha
Makhleb
Nemelex Xobeh
Okawaru
Qazlal
Sif Muna
Trog
Vehumet
Xom
Yredelemnul
Zin
The Shining One

Shops:
D:11 !


Innate Abilities, Weirdness & Mutations

You reflexively headbutt those who attack you in melee.
You have a pair of horns on your head.


Message History

The elf zombie hits you but does no damage.
You sock the elf zombie! You freeze the elf zombie.
You headbutt the elf zombie. You sock the elf zombie!
You headbutt the elf zombie! You sock the elf zombie!
You destroy the elf zombie!
Okawaru accepts your kill.
You sock the stone giant skeleton! You headbutt the stone giant skeleton!
You hit the stone giant skeleton.
The stone giant skeleton barely misses you.
You hit the stone giant skeleton but do no damage.
You headbutt the stone giant skeleton. You hit the stone giant skeleton.
You block the stone giant skeleton's attack.
You thump the stone giant skeleton! The stone giant skeleton hits you!!
* * * LOW HITPOINT WARNING * * *
You hit the stone giant skeleton but do no damage.
You sock the stone giant skeleton! You freeze the stone giant skeleton.
The stone giant skeleton hits you!!
You die...

#######...#######. ####
......#.o.## ....
.......Z.## ....
.......Z.# . . ####
.......Z.# ..... ...###
......>..# ......
...... #........###
........##...
#..........#####
......# ####
#........ZoZ@.###.#...#
#
##......#####.........#
# ##.....# ###...##...
#.....# ##..# ##...##
#..# ###. #.## ## ##.#
##### ##..#
#...#######...#


You could see an orc warrior, a griffon simulacrum and a stone giant skeleton.

Vanquished Creatures
  The ghost of Heini the Bludgeoner, a powerful MiFi of Okawaru (D:12)
  Fannar (D:10)
  A centaur warrior (D:13)
  A necromancer (D:13)
  A frost giant zombie (D:13)
  3 hill giants
  A cyclops (D:12)
  2 ugly things
  The ghost of Heini the Covered, an experienced MiFi (D:5)
  Joseph (D:7)
  A gargoyle (D:12)
  A troll (D:10)
  6 slime creatures (D:12)
  2 two-headed ogres
  A griffon zombie (D:13)
  2 wyverns
  2 hungry ghosts (D:10)
  14 yaks
  2 deep elf magi
  The ghost of Heini the Covered, an average MiFi (D:3)
  2 hill giant zombies
  2 hippogriffs
  Menkaure (D:5)
  5 porcupines
  A sky beast (D:6)
  3 orc warriors
  A water moccasin (D:10)
  4 phantoms
  4 ice beasts
  4 ogres
  5 crocodiles
  5 centaurs
  2 big kobolds (D:12)
  7 elf zombies
  5 giant frogs
  A gnoll sergeant (D:10)
  A cyclops zombie (D:10)
  2 elf skeletons (D:6)
  4 scorpions
  A troll zombie (D:10)
  A cyclops skeleton (D:8)
  A hippogriff zombie (D:7)
  8 wights
  11 killer bees (D:9)
  2 quasits
  3 centaur zombies
  6 crimson imps
  2 goliath beetles
  A giant frog zombie (D:6)
  A basilisk zombie (D:12)
  7 jellies
  Crazy Yiuf (D:6)
  A giant frog skeleton (D:13)
  2 human skeletons (D:6)
  2 human zombies (Ossuary)
  7 orc priests
  15 orc wizards
  6 hounds
  A basilisk skeleton (D:11)
  A gnoll shaman (D:7)
  6 worker ants
  5 iguanas
  5 ogre zombies (D:10)
  Ijyb (D:5)
  A crocodile skeleton (D:7)
  An ogre skeleton (D:4)
  3 mummies (Ossuary)
  A hound skeleton (D:6)
  4 green rats
  A scorpion zombie (D:5)
  13 adders
  16 gnolls
  6 shadow imps
  A worm (D:5)
  7 adder zombies (Ossuary)
  3 giant geckos
  An ooze (D:7)
  53 orcs
  2 giant cockroaches
  A gnoll zombie (Ossuary)
  19 hobgoblins
  8 jackals
  5 quokkas
  5 ball pythons
  12 bats
  4 giant newts
  A giant spore (D:11)
  A gnoll skeleton (D:5)
  13 goblins
  2 goblin skeletons
  5 goblin zombies (Ossuary)
  A hobgoblin skeleton (D:10)
  7 hobgoblin zombies
  A jackal zombie (Ossuary)
  25 kobolds
  A kobold skeleton (D:4)
  4 kobold zombies (Ossuary)
  3 orc skeletons
  17 orc zombies
  A quokka skeleton (D:4)
  2 quokka zombies (Ossuary)
  13 rats
  A rat skeleton (D:7)
  2 rat zombies (Ossuary)
  3 ballistomycetes (D:11)
471 creatures vanquished.

Vanquished Creatures (others)
  A plant (D:9)
1 creature vanquished.

Grand Total: 472 creatures vanquished

Notes
Turn   | Place    | Note
--------------------------------------------------------------
     0 | D:1      | Heini, the Minotaur Fighter, began the quest for the Orb.
     0 | D:1      | Reached XP level 1. HP: 19/19 MP: 1/1
   167 | D:1      | Reached skill level 4 in Armour
   183 | D:1      | Reached XP level 2. HP: 18/27 MP: 1/1
   820 | D:2      | Reached XP level 3. HP: 32/34 MP: 2/2
   846 | D:2      | Reached XP level 4. HP: 3/41 MP: 2/2
  1647 | D:3      | Reached skill level 5 in Fighting
  1652 | D:3      | Reached skill level 5 in Armour
  1701 | D:3      | Reached XP level 5. HP: 42/48 MP: 2/2
  1885 | D:3      | Noticed Heini's ghost (average MiFi)
  1901 | D:3      | Killed Heini's ghost
  1901 | D:3      | Reached XP level 6. HP: 18/57 MP: 3/3
  2380 | D:4      | Reached skill level 5 in Maces & Flails
  2404 | D:4      | Reached skill level 6 in Fighting
  2609 | D:4      | Reached XP level 7. HP: 64/64 MP: 3/3
  2759 | D:5      | Entered Level 5 of the Dungeon
  2759 | D:5      | Noticed Heini's ghost (experienced MiFi)
  3152 | D:5      | Killed Heini's ghost
  3152 | D:5      | Reached skill level 7 in Fighting
  3347 | D:5      | Noticed Ijyb
  3356 | D:5      | Killed Ijyb
  3580 | D:6      | Reached XP level 8. HP: 51/73 MP: 3/3
  3661 | D:6      | Found a white marble altar of Elyvilon.
  3782 | D:6      | Reached skill level 8 in Fighting
  3808 | D:6      | Found a sand-covered staircase.
  3823 | Ossuary  | Entered an ossuary
  4091 | Ossuary  | Reached skill level 9 in Maces & Flails
  4250 | D:6      | Reached XP level 9. HP: 74/82 MP: 4/4
  4415 | D:6      | Found a shattered altar of Ashenzari.
  4910 | D:6      | Found a snail-covered altar of Cheibriados.
  4996 | D:6      | Noticed Crazy Yiuf
  5006 | D:6      | Killed Crazy Yiuf
  5298 | D:7      | Reached skill level 10 in Maces & Flails
  5764 | D:7      | Reached skill level 10 in Fighting
  5825 | D:7      | Noticed Joseph
  5847 | D:7      | Killed Joseph
  6104 | D:7      | Reached skill level 11 in Maces & Flails
  6411 | D:8      | Reached XP level 10. HP: 94/94 MP: 4/4
  7402 | D:9      | Reached skill level 12 in Maces & Flails
  7415 | D:9      | Reached skill level 10 in Armour
  7422 | D:9      | Found a staircase to the Lair.
  7715 | D:9      | Reached skill level 13 in Maces & Flails
  7738 | D:9      | Found a deep blue altar of Sif Muna.
  7758 | D:9      | Found a glowing silver altar of Zin.
  8018 | D:9      | Reached XP level 11. HP: 104/104 MP: 4/4
  8124 | D:10     | Entered Level 10 of the Dungeon
  8394 | D:10     | Noticed Fannar
  8405 | D:10     | Killed Fannar
  8539 | D:10     | Noticed a hill giant
  8549 | D:10     | Killed a hill giant
  8621 | D:10     | Found a staircase to the Orcish Mines.
  9137 | D:11     | Noticed a hill giant
  9146 | D:11     | Killed a hill giant
  9146 | D:11     | Reached skill level 14 in Maces & Flails
  9673 | D:5      | Found a staircase to the Ecumenical Temple.
  9704 | Temple   | Entered the Ecumenical Temple
  9728 | Temple   | Became a worshipper of Warmaster Okawaru
  9818 | D:5      | Noticed Menkaure
  9825 | D:5      | Killed Menkaure
  9827 | D:5      | Got a pitted cloak
 10885 | D:11     | Found Wearr's Distillery.
 11093 | D:12     | Noticed a hill giant
 11099 | D:12     | Killed a hill giant
 11147 | D:12     | Noticed Heini's ghost (powerful MiFi)
 11174 | D:12     | Killed Heini's ghost
 11174 | D:12     | Acquired Okawaru's first power
 11208 | D:12     | Reached skill level 15 in Maces & Flails
 11308 | D:12     | Reached XP level 12. HP: 45/116 MP: 5/5
 11333 | D:12     | Got a smoking pewter ring
 11610 | D:12     | Identified the ring "Nethro Neif" {+Rage +Inv rN+ Int+1 Regen} (You found it on level 12 of the Dungeon)
 12026 | D:13     | Noticed a centaur warrior
 12028 | D:13     | Found a deep blue altar of Sif Muna.
 12034 | D:13     | Killed a centaur warrior
 12340 | D:13     | Reached skill level 16 in Maces & Flails
 12387 | D:13     | Slain by a stone giant skeleton

Action                   |  1- 3 |  4- 6 |  7- 9 | 10-12 || total
-------------------------+-------+-------+-------+-------++-------
Melee: Flail             |    73 |   190 |   547 |   786 ||  1596
Evoke: Wand              |       |       |       |     2 ||     2
  Use: Potion            |     1 |       |     2 |     1 ||     4
       Scroll            |       |    10 |     9 |     4 ||    23
  Eat: Chunk             |       |     6 |    12 |    20 ||    38
       Fruit             |       |       |     1 |     1 ||     2
